 Dungeon Crawl Stone Soup version 0.17-a0-1105-gbe8b664 (webtiles) character file.

142 Perunarutto the Bolt Thrower (level 5, -5/34 HPs)
             Began as a High Elf Hunter on May 21, 2015.
             Killed from afar by an orc wizard (8 damage)
             ... with a puff of flame
             ... on level 3 of the Dungeon.
             The game lasted 00:12:17 (1202 turns).

Perunarutto the Bolt Thrower (High Elf Hunter)      Turns: 1202, Time: 00:12:18

Health: -5/34      AC:  3    Str: 11    XL:     5   Next: 3%
Magic:  6/6        EV:  8    Int: 14    God:
Gold:   71         SH:  0    Dex: 17    Spells: 0 memorised, 4 levels left

rFire  . . .     SeeInvis .     b - +1 hand crossbow
rCold  . . .     Clarity  .     d - +0 leather armour
rNeg   . . .     SustAb   .     (no shield)
rPois  .         Gourm    .     (no helmet)
rElec  .         Spirit   .     (no cloak)
rCorr  .         Warding  .     (no gloves)
rMut   .         Stasis   .     (no boots)
MR     .....                    (no amulet)
Stlth  ++........               (no ring)
                                (no ring)

@: not resistant to hostile enchantments, unstealthy
A: no striking features
a: no special abilities


You were on level 3 of the Dungeon.
You were full.

You visited 1 branch of the dungeon, and saw 3 of its levels.

You collected 71 gold pieces.

Inventory:

Hand weapons
 a - a +0 short sword
 b - a +1 hand crossbow (weapon)
 l - a +1 dagger of venom
Missiles
 c - 3 bolts (quivered)
Armour
 d - a +0 leather armour (worn)
Magical devices
 p - a wand of flame (13)
Scrolls
 f - 2 scrolls of random uselessness {unknown}
 h - 2 scrolls of amnesia {unknown}
 k - 4 scrolls of teleportation {unknown}
 n - a scroll of immolation {unknown}
Potions
 g - a potion of might {unknown}
 i - a potion of heal wounds {unknown}
 j - a potion of brilliance {unknown}
 m - a potion of cure mutation {unknown}
 q - a potion of poison {unknown}
Comestibles
 e - a bread ration


   Skills:
 + Level 2.1 Fighting
 + Level 5.9 Crossbows
 + Level 0.6 Armour
 + Level 2.8 Dodging
 + Level 1.2 Stealth


You had 4 spell levels left.
You didn't know any spells.

Dungeon Overview and Level Annotations

Branches:
Dungeon (3/15)

Altars:
The Shining One


Message History

The orc wizard is heavily wounded.
An orc comes into view. It is wielding a club.
The orc shouts!
The orc wizard gestures at you while chanting.
The magic dart hits you!
* * * LOW HITPOINT WARNING * * *
The orc wizard gestures at you while chanting.
The puff of frost misses you.
The orc wizard points at you and mumbles some strange words.
The puff of flame hits you!
* * * LOW HITPOINT WARNING * * *
A giant cockroach comes into view.
A kobold comes into view. It is wielding a short sword.
The kobold shouts!
The rat twitches its whiskers.
The kobold moves out of view.
There is a stone staircase leading up here.
The orc wizard points at you and mumbles some strange words.
Helpless, you fail to dodge the puff of flame.
You die...

#.. ♣...# ###...## #..
♣..#####...### ...
♣........######## ##.♣#
#♣.#.......#.....#
##..♣♣♣.................
##......................
.##......#...........#
....######.).......##.#
.#(......#..)...@.## .
.................##
...#######.......# ..##
##..oor#o⌠. ..#
##.....#.# ..#
##.##.##.# .## #..#.# #.
.# ##.#.s #. .# .. (


You could see 2 orc wizards, an orc and a rat.

Vanquished Creatures
  A scorpion (D:3)
  An orc priest (D:3)
  2 adders (D:2)
  A worm (D:2)
  5 orcs (D:3)
  8 hobgoblins
  2 jackals (D:3)
  4 kobolds
  A ball python (D:2)
  4 bats
  4 giant newts
  3 goblins
  6 rats
42 creatures vanquished.

Notes
Turn   | Place    | Note
--------------------------------------------------------------
     0 | D:1      | Perunarutto the High Elf Hunter began the quest for the Orb.
     0 | D:1      | Reached XP level 1. HP: 14/14 MP: 2/2
   177 | D:2      | Reached XP level 2. HP: 13/19 MP: 3/3
   538 | D:2      | Reached XP level 3. HP: 20/24 MP: 4/4
   712 | D:3      | Reached skill level 5 in Crossbows
   719 | D:3      | Found a glowing golden altar of the Shining One.
   883 | D:3      | Noticed a scorpion
   885 | D:3      | Reached XP level 4. HP: 26/29 MP: 5/5
   891 | D:3      | Killed a scorpion
   901 | D:3      | Reached XP level 5. HP: 8/34 MP: 6/6
  1202 | D:3      | Killed from afar by an orc wizard

Vault maps used:
D:1:      ncdulo_smallfort
D:3:      tso_metal_star, minmay_stone_trees_small, grunt_decor_mini_mirrors

Action                   |  1- 3 |  4- 6 || total
-------------------------+-------+-------++-------
Melee: Dagger            |     9 |     6 ||    15
 Fire: Hand crossbow     |    77 |    11 ||    88
  Eat: Meat ration       |       |     1 ||     1
